 Dungeon Crawl Stone Soup version 0.29-a0-919-gd064cfad1c (webtiles) character file.

Game seed: 6880356792027019297

180 Spectrina the Magician (level 5, -1/35 HPs)
             Began as a Djinni Venom Mage on July 26, 2022.
             Slain by a gnoll
             ... wielding a +0 whip
             ... led by a gnoll bouda
              (7 damage)
             ... on level 4 of the Dungeon.
             The game lasted 00:07:49 (981 turns).

Spectrina the Magician (Djinni Venom Mage)           Turns: 981, Time: 00:07:50

Health: -1/35      AC:  2    Str:  7    XL:     5   Next: 91%
Gold:   55         EV: 12    Int: 19    God:
                   SH:  0    Dex: 13

rFire   + + .      SeeInvis .   i - +1 whip (venom)
rCold   x . .      Faith    .   (no shield)
rNeg    . . .      Spirit   .   a - +0 robe
rPois   ∞          Reflect  .   (no helmet)
rElec   .          Harm     .   (no cloak)
rCorr   .          Rampage  .   (no gloves)
Will    .....                   (boots unavailable)
Stlth   ++........              (no amulet)
HPRegen 0.11/turn               (no ring)
MPRegen 0.00/turn               (no ring)

@: about to teleport, flying
A: sickness immunity, fire resistance 2, cold vulnerability 1, float, innate
caster, HP casting, extra vitality 1
a: no special abilities


You were on level 4 of the Dungeon.
You visited 1 branch of the dungeon, and saw 6 of its levels.

You collected 55 gold pieces.

Inventory:

Hand Weapons
 i - a +1 whip of venom (weapon)
Armour
 a - a +0 robe (worn)
Scrolls
 c - a scroll of enchant weapon {unknown}
 d - a scroll of immolation
 e - a scroll of amnesia
 g - a scroll of poison {unknown}
 h - a scroll of summoning {unknown}
 j - a scroll of silence {unknown}
Potions
 b - 2 potions of heal wounds {unknown}


   Skills:
 - Level 2.1 Dodging
 - Level 1.5 Stealth
 + Level 4.7 Spellcasting


You couldn't memorise any spells.
You knew the following spells:

 Your Spells              Type           Power      Damage    Failure   Level
a - Sting                 Tmut/Pois      88%        1d7       1%          1
d - Sandblast             Erth           44%        2d11      1%          1
f - Olgreb's Toxic Radia  Pois           22%        N/A       19%         4
i - Ensorcelled Hibernat  Hex/Ice        44%        N/A       2%          2
m - Mephitic Cloud        Conj/Pois/Air  22%        N/A       5%          3
q - Poisonous Vapours     Pois/Air       44%        N/A       2%          2
Your spell library was empty.

Dungeon Overview and Level Annotations

Branches:
Dungeon (6/15)
 Temple: D:4-7

Altars:

Annotations:
D:5 Grinder


Innate Abilities, Weirdness & Mutations

You are immune to sickness and miasma.
You are immune to poison.
Your flesh is very heat resistant. (rF++)
You are vulnerable to cold. (rC-)
You float through the air rather than walking.
You learn spells naturally, not from books.
Your magical power is your life essence.
You have superior vitality. (+4 MHP)


Message History

A hound comes into view.
There is a stone staircase leading down here.
You fly downwards.
Level annotation: Grinder
There is a stone staircase leading up here.
Found a stone staircase leading down.
A gnoll comes into view. It is wielding a +0 whip.
An orc comes into view. It is wielding a +0 club.
The white imp shouts!
A white imp is nearby!
Unknown command.
The white imp grinds its teeth.
The white imp gestures at you. The puff of frost hits you!
You feel a terrible chill!
* * * LOW HITPOINT WARNING * * *
The white imp laughs crazily.
A white imp is nearby!
You can't go up here!
There is a stone staircase leading up here.
You fly upwards.
There is a stone staircase leading down here.
A dart slug is nearby!
A dart slug is nearby!
A giant cockroach comes into view.
Unknown command.
The gnoll bouda shouts!
You hear a shout! x3
The gnoll bouda barks out a call to the hunt!
The gnoll picks up the pace!
The gnoll shouts!
Unknown command.
As you read the scroll labelled ETZEIMPULE, it crumbles to dust.
The creatures around you are filled with an inner flame!
It was a scroll of immolation.
The gnoll completely misses you.
As you read the scroll labelled ATAOMP YTHE, it crumbles to dust.
You feel strangely unstable.
It was a scroll of teleportation.
The gnoll hits you but does no damage.
The gnoll bouda barks out a call to the hunt!
The gnoll picks up the pace!
The gnoll attacks as you move away! The gnoll hits you with a +0 whip!
You die...

#..### ##......(......
##....####.......#......
#......#.........#......
###..###...........# ..... #
.#..###.......##..## #.....#
....##......####..# ......
............# #..## .....
..........(..###...####.....
..........##....@.g.........
...........##.gg###.....#..
............##..# ##...##
...............g. ...##
................# ......
.........................
..........................
....................g.....
........................B..


You could see a gnoll bouda (inner flame) and 3 gnolls.

Vanquished Creatures
  An ogre (D:4)
  A scorpion (D:5)
  2 adders
  2 orcs (D:3)
  4 ball pythons (D:3)
  A bat (D:3)
  An endoplasm (D:4)
  A giant cockroach (D:3)
  2 hobgoblins
  4 jackals (D:5)
  2 kobolds (D:3)
  A rat (D:3)
22 creatures vanquished.

Notes
Turn   | Place    | Note
-------+----------+-------------------------------------------
     0 | D:1      | Spectrina the Djinni Venom Mage began the quest for the
                  | Orb.
     0 | D:1      | Spectrina set off with the following spells memorised:
                  | Sting, Poisonous Vapours, Mephitic Cloud, Olgreb's Toxic
                  | Radiance.
     0 | D:1      | Reached XP level 1. HP: 15/15 MP: 0/0
    29 | D:2      | Reached XP level 2. HP: 6/21 MP: 0/0
    52 | D:3      | Reached skill level 3 in Spellcasting
   320 | D:3      | Reached XP level 3. HP: 13/25 MP: 0/0
   320 | D:3      | Learned a level 1 spell: Sandblast
   616 | D:5      | Entered Level 5 of the Dungeon
   616 | D:5      | Noticed Grinder
   618 | D:5      | Noticed a scorpion
   623 | D:5      | Killed a scorpion
   624 | D:5      | Reached skill level 4 in Spellcasting
   624 | D:5      | Reached XP level 4. HP: 20/31 MP: 0/0
   637 | D:5      | Reached XP level 5. HP: 19/35 MP: 0/0
   637 | D:5      | Learned a level 2 spell: Ensorcelled Hibernation
   743 | D:5      | Noticed a phantom
   796 | D:4      | Noticed an ogre
   815 | D:4      | Killed an ogre
   933 | D:5      | HP: 1/35 [white imp/puff of frost (16)]
   981 | D:4      | Slain by a gnoll

Illustrated notes

Levels and vault maps discovered:
D:1:      minmay_arrival_hallway, layout_loops_ring,
          ebering_ecumenical_altar_mist, dk_noncrumbling_2
D:2:      layout_loops_corners, serial_shops, nicolae_diamond_shop
D:3:      layout_loops_corners, serial_shops, nicolae_shop_hallway_plus,
          grunt_ministairs_10
D:4:      layout_layer_cave, reono_crystal_passage
D:5:      kennysheep_big_flooded_room, layout_basic, serial_glass,
          glass_columns_a, glass_columns_a, uniq_grinder
D:6:      layout_rooms, mainiacjoe_overflow_24_doors,
          nicolae_elyvilon_peaceful_grove, minmay_temple_entry_antechambers,
          hangedman_decor_peaks_small

Skill      XL: |  1  2  3 |
---------------+----------+-----
Spellcasting   | 3 4 |  4.7
Dodging        | |  2.1
Stealth        | |  1.5

Action                   |  1- 3 |  4- 6 || total
-------------------------+-------+-------++-------
Melee: Unarmed           |    24 |     3 ||    27
 Cast: Sting             |    21 |     4 ||    25
       Poisonous Vapours |     2 |     4 ||     6
       Sandblast         |     2 |       ||     2
       Ensorcelled Hiber |       |     1 ||     1
  Use: Scroll            |       |     3 ||     3
Armor: Robe              |     3 |     3 ||     6
Dodge: Dodged            |    18 |     6 ||    24

Table legend: (Time is in decaauts)
 A = Elapsed time spent in this place.
 B = Non-inter-level travel time spent in this place.
 C = Inter-level travel time spent in this place.
 D = Time resting spent in this place.
 E = Time spent auto-exploring this place.
 F = Levels seen in this place.
 G = Mean time per level.
                   A        B        C        D        E       F      G
               +--------+--------+--------+--------+--------+-----+--------+
         Total |    985 |    979 |      6 |      0 |      0 |   6 |  164.2 |
       Dungeon |    985 |    979 |      6 |      0 |      0 |   6 |  164.2 |
               +--------+--------+--------+--------+--------+-----+--------+

Top non-repeatable levels by time:
     D:3: 379 daAuts
     D:4: 264 daAuts
     D:5: 218 daAuts
     D:2: 78 daAuts
     D:6: 26 daAuts
     D:1: 19 daAuts
